 Dungeon Crawl Stone Soup version 0.27.1 (webtiles) character file.

Game seed: 4363957512555007534

10406 Renzlar the Blocker (level 11, -11/89 HPs)
             Began as a Gnoll Fighter on Aug 29, 2021.
             Was a High Priest of Okawaru.
             Mangled by a skeletal warrior (15 damage)
             ... on level 12 of the Dungeon.
             The game lasted 00:36:57 (12616 turns).

Renzlar the Blocker (Gnoll Fighter)                Turns: 12616, Time: 00:36:57

Health: -11/89     AC: 15    Str: 20    XL:     11   Next: 61%
Magic:  19/20      EV: 19    Int: 12    God:    Okawaru [*****.]
Gold:   258        SH: 14    Dex: 11    Spells: 17/22 levels left

rFire    . . .     SeeInvis .   d - +6 mace of the Screaming Dove {vorpal, Int+3}
rCold    . . .     Faith    .   n - +1 kite shield
rNeg     . . .     Spirit   .   f - +2 ring mail of Chill Winds {Str+2}
rPois    .         Reflect  .   h - +0 helmet
rElec    .         Harm     .   (no cloak)
rCorr    +         Rampage  .   (no gloves)
Will     .....                  I - +2 pair of boots {Fly}
Stlth    ++++......             (no amulet)
HPRegen  0.24/turn              i - +4 ring of evasion
MPRegen  0.17/turn              l - ring of resist corrosion

@: heroic, flying
A: fangs 1, strong nose, distributed training
a: Renounce Religion, Heroism, Finesse


You were on level 12 of the Dungeon.
You worshipped Okawaru.
Okawaru was extremely pleased with you.
You visited 2 branches of the dungeon, and saw 14 of its levels.

You collected 492 gold pieces.
You spent 234 gold pieces at shops.

Inventory:

Hand Weapons
 a - a +0 war axe
 c - a +0 fustibalus
 d - the +6 mace of the Screaming Dove (weapon) {vorpal, Int+3}
   (You found it on level 5 of the Dungeon)

   It inflicts extra damage upon your enemies.
   Int:       It affects your intelligence (+3).
 H - a +4 scimitar
Missiles
 e - 77 poisoned darts
 k - 224 stones
 u - 98 sling bullets
 A - 107 bolts
 D - a curare-tipped dart
Armour
 f - the +2 ring mail of Chill Winds (worn) {Str+2}
   (You bought it in a shop on level 3 of the Dungeon)

   Str:       It affects your strength (+2).
 h - a +0 helmet (worn)
 n - a +1 kite shield (worn)
 w - a +0 chain mail
 I - a +2 pair of boots of flying (worn)
Magical Staves
 G - a staff of fire
Jewellery
 i - a +4 ring of evasion (left hand)
 l - a ring of resist corrosion (right hand)
Wands
 g - a wand of flame (52)
 x - a wand of iceblast (18) (quivered)
 E - a wand of acid (9)
 F - a wand of charming (7)
Scrolls
 p - a scroll of silence
 t - a scroll of fog
 z - a scroll of holy word
 B - 2 scrolls of enchant armour
 C - 3 scrolls of identify
 J - 2 scrolls of teleportation
Potions
 b - 3 potions of lignification
 j - a potion of mutation
 m - 3 potions of magic
 o - a potion of invisibility
 q - 5 potions of heal wounds
 r - a potion of haste
 s - 5 potions of curing
 v - 2 potions of flight
 y - 2 potions of might


   Skills:
 + Level 9.3(14.3) Fighting
 + Level 6.4(11.4) Short Blades
 + Level 6.4(11.4) Long Blades
 + Level 8.0(13.0) Axes
 + Level 6.4(11.4) Maces & Flails
 + Level 6.4(11.4) Polearms
 + Level 6.4(11.4) Staves
 + Level 6.4(11.4) Slings
 + Level 6.4(11.4) Bows
 + Level 6.4(11.4) Crossbows
 + Level 6.4(11.4) Throwing
 + Level 9.3(14.3) Armour
 + Level 6.4(11.4) Dodging
 + Level 6.4(11.4) Stealth
 + Level 9.3(14.3) Shields
 + Level 6.4(11.4) Unarmed Combat
 + Level 6.4 Spellcasting
 + Level 5.3 Conjurations
 + Level 5.3 Hexes
 + Level 5.3 Summonings
 + Level 5.3 Necromancy
 + Level 5.3 Translocations
 + Level 5.3 Transmutations
 + Level 5.3 Fire Magic
 + Level 5.3 Ice Magic
 + Level 5.3 Air Magic
 + Level 5.3 Earth Magic
 + Level 5.3 Poison Magic
 + Level 7.1 Invocations
 + Level 6.4 Evocations


You had 17 spell levels left.
You knew the following spells:

 Your Spells              Type           Power      Damage    Failure   Level
a - Ensorcelled Hibernat  Hex/Ice        32%        N/A       4%          2
b - Tukima's Dance        Hex            16%        N/A       9%          3

Your spell library contained the following spells:

 Spells                   Type           Power      Damage    Failure   Level
 Apportation              Tloc           32%        N/A       3%          1
 Beastly Appendage        Tmut           32%        N/A       3%          1
 Corona                   Hex            17%        N/A       3%          1
 Passwall                 Tmut/Erth      13%        N/A       4%          2
 Wereblood                Tmut           16%        N/A       4%          2
 Ozocubu's Armour         Ice            16%        N/A       9%          3
 Spider Form              Tmut/Pois      8%         N/A       9%          3
 Swiftness                Air            16%        N/A       9%          3
 Alistair's Intoxication  Tmut/Pois      10%        N/A       63%         5
 Metabolic Englaciation   Hex/Ice        8%         N/A       63%         5
 Invisibility             Hex            8%         N/A       99%         6
 Simulacrum               Ice/Necr       8%         N/A       99%         6
 Ozocubu's Refrigeration  Ice            8%         4d6       100%        7


Dungeon Overview and Level Annotations

Branches:
Dungeon (13/15)            Temple (1/1) D:4            Lair (0/6) D:11
    Orc (0/2) D:12
 Vaults: D:13-14

Altars:
Ashenzari
Elyvilon
Fedhas
Hepliaklqana
Nemelex Xobeh
Okawaru
Qazlal
Ru
Trog
Vehumet
Wu Jian
Xom
Yredelemnul

Shops:
D:3 [   D:5 *

Annotations:
D:3 3 runed translucent doors, chaosape's ghost, weakling GnWn; pkoi's ghost, weakling MiGl


Innate Abilities, Weirdness & Mutations

You have very sharp teeth.
Your uncanny sense of smell can sniff out nearby items.
Your experience applies equally to all skills.


Message History

The skeletal warrior is lightly damaged.
You block the skeletal warrior's attack.
You hit the skeletal warrior but do no damage.
The skeletal warrior is lightly damaged.
You block the skeletal warrior's attack.
You sock the skeletal warrior!
The skeletal warrior is moderately damaged.
The skeletal warrior misses you.
You barely miss the skeletal warrior.
The skeletal warrior is moderately damaged.
The skeletal warrior completely misses you.
You hit the skeletal warrior.
The skeletal warrior is moderately damaged.
The skeletal warrior hits you with a +1 long sword of electrocution!!
Unknown command.
You hit the skeletal warrior.
The skeletal warrior is moderately damaged.
The skeletal warrior hits you with a +1 long sword of electrocution.
You are electrocuted!
You hit the skeletal warrior. You bite the skeletal warrior.
The skeletal warrior is moderately damaged.
You hit the skeletal warrior but do no damage.
Your bite misses the skeletal warrior.
The skeletal warrior is moderately damaged.
The skeletal warrior misses you.
You sock the skeletal warrior!
The skeletal warrior is heavily damaged.
The skeletal warrior hits you with a +1 long sword of electrocution!
You are electrocuted!
* * * LOW HITPOINT WARNING * * *
Unknown command.
You sock the skeletal warrior!
The skeletal warrior is severely damaged.
You block the skeletal warrior's attack.
You closely miss the skeletal warrior.
The skeletal warrior is severely damaged.
The skeletal warrior hits you with a +1 long sword of electrocution!
* * * LOW HITPOINT WARNING * * *
You are electrocuted!
You die...

#...# *,* #..# *,* *,, #...# *,*
#(.# *,* *,, #...# #.* #(.# *,*
*,, #...# #.# #(.# *,* *,, #.?.#
#.# #..# *,* *,, #...# #.# #..#
*,* *,, #...# #.# #(.# *,* *,,
#...# #.# #z.# *,* *,, #...#
#.####@)######,******,,
#...#######.............,,,,,,,,,
........................,,,,,,,,,
########################*********


You could see a skeletal warrior.

Vanquished Creatures
  A hydra (D:11)
  2 two-headed ogres
  A skeletal warrior (D:12)
  Pikel (D:8)
  An ugly thing (D:12)
  A deep elf pyromancer (D:12)
  An unseen horror (D:11)
  A kobold demonologist (D:10)
  2 komodo dragons (D:11)
  3 trolls (D:11)
  A hornet (D:9)
  3 slime creatures
  3 yaks (D:11)
  A shadow (D:11)
  2 wyverns
  A basilisk (D:10)
  2 vampire mosquitoes (D:11)
  An acid dragon (D:5)
  An ice beast (D:8)
  A black bear (D:5)
  2 sky beasts
  A necrophage (D:6)
  8 centaurs
  4 kobold brigands
  Blork the orc (D:4)
  A scorpion (D:6)
  2 bullfrogs
  A gnoll sergeant (D:12)
  A water moccasin zombie (D:6)
  6 killer bees (D:11)
  4 howler monkeys
  A bullfrog zombie (D:6)
  2 hounds
  A gnoll shaman (D:8)
  2 jellies
  3 orc priests
  3 bullfrog skeletons
  A centaur skeleton (D:7)
  3 orc wizards
  An iguana (D:5)
  A hound skeleton (D:5)
  3 adders
  10 gnolls
  A white imp (D:8)
  3 ufetubi
  A worm (D:5)
  A dart slug (D:1)
  25 orcs
  3 ball pythons
  6 endoplasms
  2 giant cockroaches
  7 goblins
  8 hobgoblins
  7 jackals (D:1)
  3 quokkas
  3 bats
  2 frilled lizards (D:2)
  25 kobolds
  A rat (D:2)
  A spectral orc (D:9)
191 creatures vanquished.

Vanquished Creatures (others)
  An orc (D:12)
  3 plants (D:11)
4 creatures vanquished.

Grand Total: 195 creatures vanquished

Notes
Turn   | Place    | Note
-------+----------+-------------------------------------------
     0 | D:1      | Renzlar the Gnoll Fighter began the quest for the Orb.
     0 | D:1      | Reached XP level 1. HP: 23/23 MP: 1/1
    56 | D:1      | Reached XP level 2. HP: 29/29 MP: 2/2
   419 | D:2      | Reached XP level 3. HP: 35/35 MP: 3/3
   470 | D:2      | Found a blossoming altar of Fedhas.
   503 | D:2      | Found a faded altar of an unknown god.
   794 | D:2      | Reached skill level 1 in Invocations
  1326 | D:3      | Found an ornate altar of the Wu Jian Council.
  1336 | D:3      | Found a shimmering altar of Xom.
  1340 | D:3      | Found a sacrificial altar of Ru.
  1446 | D:3      | Reached skill level 1 in Short Blades
  1446 | D:3      | Reached skill level 1 in Long Blades
  1446 | D:3      | Reached skill level 1 in Maces & Flails
  1446 | D:3      | Reached skill level 1 in Polearms
  1446 | D:3      | Reached skill level 1 in Staves
  1446 | D:3      | Reached skill level 1 in Slings
  1446 | D:3      | Reached skill level 1 in Bows
  1446 | D:3      | Reached skill level 1 in Crossbows
  1446 | D:3      | Reached skill level 1 in Throwing
  1446 | D:3      | Reached skill level 1 in Dodging
  1446 | D:3      | Reached skill level 1 in Stealth
  1446 | D:3      | Reached skill level 1 in Unarmed Combat
  1446 | D:3      | Reached skill level 1 in Spellcasting
  1446 | D:3      | Reached skill level 1 in Evocations
  1454 | D:3      | Reached XP level 4. HP: 41/41 MP: 5/5
  1709 | D:3      | Found a runed translucent gate.
  1710 | D:3      | Found a runed translucent gate.
  1710 | D:3      | Found a runed translucent gate.
  1711 | D:3      | Noticed chaosape's ghost (weakling GnWn)
  1712 | D:3      | Noticed pkoi's ghost (weakling MiGl)
  1785 | D:3      | Found Aryipp's Antique Armour Emporium.
  1967 | D:4      | Reached skill level 1 in Conjurations
  1967 | D:4      | Reached skill level 1 in Hexes
  1967 | D:4      | Reached skill level 1 in Summonings
  1967 | D:4      | Reached skill level 1 in Necromancy
  1967 | D:4      | Reached skill level 1 in Translocations
  1967 | D:4      | Reached skill level 1 in Transmutations
  1967 | D:4      | Reached skill level 1 in Fire Magic
  1967 | D:4      | Reached skill level 1 in Ice Magic
  1967 | D:4      | Reached skill level 1 in Air Magic
  1967 | D:4      | Reached skill level 1 in Earth Magic
  1967 | D:4      | Reached skill level 1 in Poison Magic
  1972 | D:4      | Found a staircase to the Ecumenical Temple.
  1982 | Temple   | Entered the Ecumenical Temple
  2008 | Temple   | Became a worshipper of Warmaster Okawaru
  2041 | D:4      | Reached XP level 5. HP: 42/47 MP: 5/7
  2169 | D:4      | Noticed Blork the orc
  2190 | D:4      | Killed Blork the orc
  2543 | D:4      | Reached XP level 6. HP: 52/53 MP: 8/8
  2993 | D:5      | Entered Level 5 of the Dungeon
  3179 | D:5      | Found Gollooti's Neck Hole.
  3292 | D:3      | Bought a faintly humming ring mail for 234 gold pieces
  3292 | D:3      | Identified the +2 ring mail of Chill Winds {Str+2} (You
                  | bought it in a shop on level 3 of the Dungeon)
  3416 | D:5      | Noticed an acid dragon
  3427 | D:5      | Killed an acid dragon
  3428 | D:5      | Reached skill level 5 in Axes
  3979 | D:5      | Identified the +6 mace of the Screaming Dove {vorpal,
                  | Int+3}
  3995 | D:5      | Noticed a black bear
  4002 | D:5      | Killed a black bear
  4002 | D:5      | Reached * piety under Okawaru
  4003 | D:5      | Reached XP level 7. HP: 55/60 MP: 10/10
  4524 | D:6      | Reached XP level 8. HP: 55/67 MP: 12/12
  4986 | D:7      | Reached ** piety under Okawaru
  5496 | D:7      | Identified the +1 robe of Bitterness {Fly Will+ Archmagi}
  6180 | D:8      | Found a white marble altar of Elyvilon.
  6226 | D:8      | Noticed a two-headed ogre
  6248 | D:8      | Killed a two-headed ogre
  6248 | D:8      | Reached *** piety under Okawaru
  6249 | D:8      | Reached XP level 9. HP: 11/73 MP: 13/15
  6558 | D:8      | Noticed Pikel
  6581 | D:8      | Killed Pikel
  6720 | D:8      | Reached skill level 5 in Invocations
  6886 | D:8      | Reached **** piety under Okawaru
  6929 | D:8      | Found a broken altar of Ashenzari.
  7695 | D:9      | Reached XP level 10. HP: 31/80 MP: 17/17
  8155 | D:9      | Found a hazy altar of Hepliaklqana.
  8485 | D:10     | Entered Level 10 of the Dungeon
  8490 | D:10     | Noticed a kobold demonologist
  8501 | D:10     | Noticed a smoke demon
  8501 | D:10     | Killed a kobold demonologist
  8502 | D:10     | Reached skill level 5 in Short Blades
  8502 | D:10     | Reached skill level 5 in Long Blades
  8502 | D:10     | Reached skill level 5 in Maces & Flails
  8502 | D:10     | Reached skill level 5 in Polearms
  8502 | D:10     | Reached skill level 5 in Staves
  8502 | D:10     | Reached skill level 5 in Slings
  8502 | D:10     | Reached skill level 5 in Bows
  8502 | D:10     | Reached skill level 5 in Crossbows
  8502 | D:10     | Reached skill level 5 in Throwing
  8502 | D:10     | Reached skill level 5 in Dodging
  8502 | D:10     | Reached skill level 5 in Stealth
  8502 | D:10     | Reached skill level 5 in Unarmed Combat
  8502 | D:10     | Reached skill level 5 in Spellcasting
  8502 | D:10     | Reached skill level 5 in Evocations
  8584 | D:10     | Reached ***** piety under Okawaru
  9456 | D:11     | Noticed a two-headed ogre
  9468 | D:11     | Killed a two-headed ogre
  9584 | D:11     | Received a gift from Okawaru
  9716 | D:11     | Killed an unseen horror
 10234 | D:11     | Received a gift from Okawaru
 10305 | D:11     | Noticed a four-headed hydra
 10314 | D:11     | Killed a four-headed hydra
 10315 | D:11     | Reached XP level 11. HP: 77/87 MP: 19/19
 10723 | D:11     | Learned a level 2 spell: Ensorcelled Hibernation
 10727 | D:11     | Learned a level 3 spell: Tukima's Dance
 10943 | D:11     | Reached skill level 5 in Conjurations
 10943 | D:11     | Reached skill level 5 in Hexes
 10943 | D:11     | Reached skill level 5 in Summonings
 10943 | D:11     | Reached skill level 5 in Necromancy
 10943 | D:11     | Reached skill level 5 in Translocations
 10943 | D:11     | Reached skill level 5 in Transmutations
 10943 | D:11     | Reached skill level 5 in Fire Magic
 10943 | D:11     | Reached skill level 5 in Ice Magic
 10943 | D:11     | Reached skill level 5 in Air Magic
 10943 | D:11     | Reached skill level 5 in Earth Magic
 10943 | D:11     | Reached skill level 5 in Poison Magic
 11101 | D:11     | Found a staircase to the Lair.
 11259 | D:12     | Received a gift from Okawaru
 11848 | D:12     | Found a flagged portal.
 11864 | D:12     | Received a gift from Okawaru
 12180 | D:12     | Noticed a deep elf pyromancer
 12187 | D:12     | Killed a deep elf pyromancer
 12233 | D:12     | You are sucked into a shaft and drop 1 floor!
 12233 | D:13     | Noticed a brown ugly thing
 12307 | D:12     | Noticed a red ugly thing
 12324 | D:12     | Killed a red ugly thing
 12413 | D:12     | Noticed a skeletal warrior
 12430 | D:12     | Killed a skeletal warrior
 12592 | D:12     | Noticed a skeletal warrior
 12616 | D:12     | HP: 4/89 [skeletal warrior (8)]
 12616 | D:12     | Mangled by a skeletal warrior

Illustrated notes

Levels and vault maps discovered:
D:1:      saegor_arrival_under_anarchy, layout_rooms
D:2:      layout_loops_ring, basic_altar, hellmonk_ecumenical_altar_arch_garden
D:3:      layout_loops_ring, minmay_overflow_temple_star_quad,
          gammafunk_ghost_cemetery, serial_shops, shop, kennysheep_nondescript,
          kennysheep_generic_room_6
D:4:      layout_loops_ring, minmay_temple_entry_slanted, uniq_blork_the_orc
D:5:      layout_loops_corners, nicolae_shop_sticking_my_neck_out
D:6:      layout_cave_pools
D:7:      layout_layer_cave
D:8:      layout_loops_ring, overflow_temple_1_default, evilmike_ruin_ashenzari,
          uniq_pikel
D:9:      layout_cave_pods, nicolae_hepliaklqana_monster_ancestors
D:10:     layout_long_grid
D:11:     layout_stronghold, david_lair_shrubbed
D:12:     minmay_stone_box, layout_long_grid, orc_0_dummy, enter_bailey_4
D:13:     layout_irregular_city, uniq_erolcha
Temple:   eino_temple_scatter_basement

Skill      XL: |  1  2  3  4  5  6  7  8  9 10 11 |
---------------+----------------------------------+-----
Invocations    | 1 2 3 4 5 6 7 |  7.1
Short Blades   | 1 2 4 5 6 |  6.4
Long Blades    | 1 2 4 5 6 |  6.4
Maces & Flails | 1 2 4 5 6 |  6.4
Polearms       | 1 2 4 5 6 |  6.4
Staves         | 1 2 4 5 6 |  6.4
Slings         | 1 2 4 5 6 |  6.4
Bows           | 1 2 4 5 6 |  6.4
Crossbows      | 1 2 4 5 6 |  6.4
Throwing       | 1 2 4 5 6 |  6.4
Dodging        | 1 2 4 5 6 |  6.4
Stealth        | 1 2 4 5 6 |  6.4
Unarmed Combat | 1 2 4 5 6 |  6.4
Spellcasting   | 1 2 4 5 6 |  6.4
Evocations     | 1 2 4 5 6 |  6.4
Conjurations   | 1 2 3 4 5 |  5.3
Hexes          | 1 2 3 4 5 |  5.3
Summonings     | 1 2 3 4 5 |  5.3
Necromancy     | 1 2 3 4 5 |  5.3
Translocations | 1 2 3 4 5 |  5.3
Transmutations | 1 2 3 4 5 |  5.3
Fire Magic     | 1 2 3 4 5 |  5.3
Ice Magic      | 1 2 3 4 5 |  5.3
Air Magic      | 1 2 3 4 5 |  5.3
Earth Magic    | 1 2 3 4 5 |  5.3
Poison Magic   | 1 2 3 4 5 |  5.3
Axes           | 5 6 7 8 |  8.0
Fighting       | 7 8 9 |  9.3
Armour         | 7 8 9 |  9.3
Shields        | 7 8 9 |  9.3

Action                   |  1- 3 |  4- 6 |  7- 9 | 10-12 || total
-------------------------+-------+-------+-------+-------++-------
Melee: War axe           |    75 |    95 |       |       ||   170
       Bite              |     4 |     8 |    20 |    33 ||    65
       Mace              |       |     2 |   182 |   258 ||   442
       Staff             |       |       |       |    14 ||    14
 Fire: Hunting sling     |     5 |    62 |    34 |       ||   101
       Fustibalus        |       |       |    70 |   102 ||   172
Throw: Dart              |       |     9 |     3 |     7 ||    19
Invok: Heroism           |       |       |     1 |     2 ||     3
  Use: Scroll            |     2 |     7 |     6 |     5 ||    20
       Potion            |       |     2 |       |     2 ||     4
Armor: Scale mail        |    28 |    19 |       |       ||    47
       Chain mail        |       |    17 |       |       ||    17
       Ring mail         |       |     9 |    61 |    80 ||   150
Dodge: Dodged            |    21 |    59 |   117 |   188 ||   385
Block: Kite shield       |    30 |    64 |   141 |   223 ||   458
